[Event "Team 45 45 League T30"]
[Site "Internet Chess Club"]
[Date "2006.04.25"]
[Round "5"]
[White "Fegary"]
[Black "GolferBob"]
[Result "1/2-1/2"]
[WhiteElo "1584"]
[BlackElo "1707"]
[TimeControl "2700+45"]

1. e4 c5 2. Nc3 d6 3. Nge2 Nf6 4. g3 e5 5. Bg2 Nc6 6. d3 Bg4 7. h3 Be6 8. f4 g6
9. Be3 a6 10. g4 exf4 11. Nxf4 Bg7 12. Nxe6 fxe6 13. Qd2 Qb6 14. O-O-O O-O-O 15.
Bh6 Qc7 16. Rhf1 Rhf8 17. Bxg7 Qxg7 18. g5 Nd7 19. h4 Nd4 20. Ne2 Rxf1 21. Rxf1
Nxe2+ 22. Qxe2 Rf8 23. Bh3 Rxf1+ 24. Qxf1 Qf8 25. Qxf8+ Nxf8 26. Kd2 Kd7 27. Kc3
Ke7 28. a4 b6 29. Kc4 Nd7 30. d4 cxd4 31. Kxd4 Ne5 32. Bg2 Kd7 33. b4 Nc6+ 34.
Kc4 Ne5+ 35. Kd4 Nc6+ 36. Kc4 Ne5+ 37. Kd4 {Game drawn by repetition} 1/2-1/2 
aics%

[Event "Team 45 45 League T30"]
[Site "Internet Chess Club"]
[Date "2006.04.24"]
[Round "5"]
[White "Bowlomeat"]
[Black "C-Jones"]
[Result "1-0"]
[WhiteElo "1587"]
[BlackElo "1626"]
[TimeControl "2700+45"]

1. e4 e6 2. d4 d5 3. Nc3 Nf6 4. Bg5 Be7 5. e5 Nfd7 6. Bxe7 Qxe7 7. f4 c5 8. Nf3
cxd4 9. Nxd4 a6 10. Qd2 Nc6 11. O-O-O Nxd4 12. Qxd4 Qc5 13. g4 Qxd4 14. Rxd4 h5
15. g5 g6 16. Bh3 Nb6 17. b3 O-O 18. Rg1 Rb8 19. f5 Bd7 20. Rb4 Nc8 21. fxg6
fxg6 22. Nxd5 exd5 23. Bxd7 Ne7 24. Be6+ Kg7 25. Rd4 Rf2 26. h4 Rh2 27. Rf1 Rf8
28. Rxf8 Kxf8 29. Rf4+ Ke8 30. Bf7+ Kd7 31. e6+ Kd6 32. Rb4 Kc7 33. a4 Nc6 34.
Bxg6 Nxb4 35. e7 Re2 36. e8=Q Rxe8 37. Bxe8 {Black resigns} 1-0  aics%

[Event "Team 45 45 League T30"]
[Site "Internet Chess Club"]
[Date "2006.04.23"]
[Round "5"]
[White "PostMike"]
[Black "stan194803"]
[Result "1-0"]
[WhiteElo "1516"]
[BlackElo "1369"]
[TimeControl "2700+45"]

1. e4 d5 2. exd5 Nf6 3. Bb5+ Bd7 4. Bc4 c6 5. Nc3 cxd5 6. Nxd5 e6 7. Ne3 Nc6 8.
d4 Rc8 9. a3 Be7 10. Nf3 Ne4 11. O-O O-O 12. d5 Na5 13. Ba2 Bf6 14. dxe6 fxe6
15. Re1 Ng5 16. Nxg5 Bxg5 17. Ng4 Bxc1 18. Rxc1 Qe7 19. c3 Kh8 20. Qd4 Rcd8 21.
Qxa7 Nc6 22. Qe3 e5 23. Nxe5 Nxe5 24. Qxe5 Qh4 25. Qg3 Qf6 26. Re3 Bc6 27. Re2
Qh6 28. Rce1 Rde8 29. Qd3 Qg5 30. f3 Rxe2 31. Qxe2 Bxf3 32. Qxf3 Qc5+ 33. Qe3
Qb5 34. Qe2 Qb6+ 35. Kh1 h6 36. Rf1 Rd8 37. b4 Qd6 38. Bb1 Rf8 39. Rxf8+ Qxf8
40. h3 b6 41. Kg1 Qd8 42. Qd3 Qxd3 43. Bxd3 Kg8 44. Kf2 Kf7 45. Ke3 Ke6 46. Kd4
Kd6 47. Bb5 g5 48. c4 Ke6 49. c5 bxc5+ 50. bxc5 Ke7 51. Kd5 Kd8 52. Kd6 Kc8 53.
c6 Kd8 54. c7+ Kc8 55. Bd7+ Kb7 56. c8=Q+ {Black resigns} 1-0  aics%

[Event "Team 45 45 League T30"]
[Site "Internet Chess Club"]
[Date "2006.04.22"]
[Round "5"]
[White "Hastings"]
[Black "chesskix"]
[Result "1/2-1/2"]
[WhiteElo "1335"]
[BlackElo "1471"]
[TimeControl "2700+45"]

1. e4 c5 2. Nc3 g6 3. f4 Bg7 4. Nf3 e6 5. Bb5 a6 6. Be2 Nc6 7. d3 Nge7 8. Be3 b6
9. Qd2 Bb7 10. g4 Nd4 11. Rf1 Nec6 12. a3 Nxf3+ 13. Bxf3 Bd4 14. O-O-O Bxe3 15.
Qxe3 Nd4 16. Ne2 Nxf3 17. Qxf3 Qh4 18. Qg3 Qxg3 19. Nxg3 O-O 20. f5 d5 21. f6 e5
22. h4 d4 23. h5 Bc8 24. hxg6 fxg6 25. g5 Be6 26. Rf2 Rf7 27. Rh2 Raa7 28. Ne2
a5 29. Ng1 b5 30. Nf3 Bg4 31. Rf1 Bxf3 32. Rxf3 b4 33. a4 Rab7 34. b3 Rbc7 35.
Kd2 Rcd7 36. Rfh3 Rc7 {Game drawn by mutual agreement} 1/2-1/2  aics%

[Event "Team 45 45 League T30"]
[Site "Internet Chess Club"]
[Date "2006.04.24"]
[Round "5"]
[White "rgadoury"]
[Black "jientho"]
[Result "0-1"]
[WhiteElo "1327"]
[BlackElo "1527"]
[TimeControl "2700+45"]

1. d4 d5 2. c4 Nc6 3. e3 Nf6 4. Nc3 Bg4 5. f3 Bh5 6. Nh3 e6 7. cxd5 exd5 8. Nf4
Bg6 9. a3 Bf5 10. Bd3 Qd7 11. Bxf5 Qxf5 12. O-O Bd6 13. e4 dxe4 14. fxe4 Nxe4
15. Nxe4 Be7 16. Qd3 O-O 17. Nc5 Qxd3 18. Ncxd3 Nxd4 19. Bd2 Nb3 20. Nd5 Bd6 21.
Bf4 Bxf4 22. N3xf4 Nxa1 23. Rxa1 c6 24. Nc3 Rad8 25. b4 Rd2 26. Ra2 Rxa2 27.
Nxa2 Re8 28. Nc1 Re1+ 29. Kf2 Rxc1 30. a4 {White resigns} 0-1  aics%

[Event "Team 45 45 League T30"]
[Site "Internet Chess Club"]
[Date "2006.04.23"]
[Round "5"]
[White "Knight-Rookie"]
[Black "schweppz"]
[Result "1-0"]
[WhiteElo "1534"]
[BlackElo "1342"]
[TimeControl "2700+45"]

1. e4 d5 2. exd5 Nf6 3. d4 Bg4 4. Nf3 Qxd5 5. Be2 Nc6 6. Nc3 Qd7 7. Be3 O-O-O 8.
O-O e6 9. a3 Nd5 10. Nxd5 exd5 11. Qd3 h5 12. h4 Bd6 13. b4 f6 14. Nd2 Bh3 15.
f4 g5 16. gxh3 Qxh3 17. Rf2 gxf4 18. Rh2 Rhg8+ 19. Kh1 Qg3 20. Bf2 Qg7 21. Qf5+
Kb8 22. Qxd5 f3 23. Bxf3 Bxh2 24. Kxh2 Rxd5 25. Bxd5 Rd8 26. c4 Ne7 27. Bf3 Nf5
28. d5 Nd6 29. c5 f5 30. Rg1 Qb2 31. cxd6 cxd6 32. Rd1 Qc2 33. Bxh5 Rh8 34. Bf3
Qd3 35. Bg3 Kc7 36. Rc1+ Kd7 37. Rd1 Rc8 38. Bg2 Rc2 39. Be1 Qd4 40. h5 Qg4 41.
Rb1 Qxh5+ 42. Bh3 Rc3 43. Bg3 Qe2+ 44. Bg2 Qxd2 45. Rf1 Rc2 46. Rf2 Qh6+ 47. Kg1
Rc1+ 48. Bf1 Qg5 49. Kh2 Rc3 50. Rg2 Qh5+ 51. Kg1 Qg5 52. Bb5+ Kc7 53. Bxd6+
Kxd6 54. Rxg5 Ke5 55. Bd7 Rf3 56. Bc8 b6 57. a4 Kxd5 58. Bxf5 Kc4 59. Rg4+ Kd5
60. Be4+ {Black resigns} 1-0  aics%

[Event "Team 45 45 League T30"]
[Site "Internet Chess Club"]
[Date "2006.04.22"]
[Round "5"]
[White "gatoruss"]
[Black "wellfred"]
[Result "1-0"]
[WhiteElo "1274"]
[BlackElo "1141"]
[TimeControl "2880+45"]

1. d4 d5 2. c4 Nf6 3. Nc3 Bf5 4. Bg5 e6 5. cxd5 h6 6. Bxf6 Qxf6 7. Qa4+ c6 8.
dxc6 Nxc6 9. e4 Bg6 10. Bb5 Rc8 11. Qxa7 Qe7 12. Nf3 Qc7 13. Qa4 Be7 14. d5 O-O
15. dxc6 bxc6 16. Bxc6 Qxc6 17. Qxc6 Rxc6 18. Ne5 Rcc8 19. Nxg6 fxg6 20. O-O Bf6
21. a4 Bxc3 22. bxc3 Rxc3 23. Rac1 Rfc8 24. Rxc3 Rxc3 25. Ra1 Rc8 26. a5 Kf8 27.
a6 Ke8 28. a7 Ra8 29. f3 Kd7 30. Ra6 g5 31. g3 h5 32. h4 g4 33. fxg4 hxg4 34.
Kf2 Kc7 35. Ke3 e5 36. Ra5 Kd6 37. Ra6+ Ke7 38. Kd3 Kd7 39. Kc4 Kc7 40. Kd5 Kb7
41. Ra5 Kb6 42. Ra3 Rd8+ 43. Kxe5 Re8+ 44. Kf4 Ra8 45. Kxg4 Rxa7 46. Rxa7 Kxa7
47. Kg5 Kb7 48. Kg6 Kc6 49. Kxg7 Kd6 50. h5 Ke5 51. h6 Kxe4 52. h7 Kf3 53. h8=Q
Kxg3 54. Qb8+ Kf3 55. Kf6 Ke4 56. Qb5 Kd4 57. Ke6 Kc3 58. Qh5 Kc4 59. Kd6 Kd4
60. Qh4+ Kc3 61. Kc5 Kd3 62. Kd5 Kc3 63. Qa4 Kd3 64. Qa3+ Ke2 65. Ke4 Kd2 66.
Qh3 Kc2 67. Kd4 Kd2 68. Qh2+ {Black resigns} 1-0

[Event "Team 45 45 League T30"]
[Site "Internet Chess Club"]
[Date "2006.04.21"]
[Round "5"]
[White "slakkjaw"]
[Black "Urookfantastic"]
[Result "0-1"]
[WhiteElo "1209"]
[BlackElo "1327"]
[TimeControl "2700+45"]

1. d4 Nf6 2. c4 e6 3. Nc3 Bb4 4. Bd2 O-O 5. e4 Bxc3 6. Bxc3 Nxe4 7. Qc2 Nxc3 8.
Qxc3 d5 9. O-O-O dxc4 10. Bxc4 Qg5+ 11. Kb1 Qxg2 12. Nh3 e5 13. Rhg1 Qxh3 14.
Qxh3 Bxh3 15. dxe5 Nc6 16. f4 Rad8 17. Rde1 Rd4 18. b3 Rxf4 19. Rg3 Bf5+ 20. Kb2
Rf2+ 21. Ka3 Rxh2 22. e6 fxe6 23. Rf3 Nd4 24. Ref1 Nxf3 25. Rxf3 g6 26. b4 Rh3
27. Rxh3 Bxh3 28. Ka4 h5 29. a3 g5 30. Ka5 h4 31. a4 Rf4 32. Bxe6+ Bxe6 33. b5
Bd7 34. b6 cxb6# {White checkmated} 0-1  aics%

[Event "Team 45 45 League T30"]
[Site "Internet Chess Club"]
[Date "2006.04.23"]
[Round "5"]
[White "Conjurer"]
[Black "JLMOE"]
[Result "0-1"]
[WhiteElo "1338"]
[BlackElo "1399"]
[TimeControl "2700+45"]

1. e4 Nc6 2. Nf3 e6 3. d4 Bb4+ 4. Bd2 Bxd2+ 5. Nbxd2 Nf6 6. e5 Nd5 7. Bd3 b6 8.
O-O Bb7 9. a3 h6 10. Ne4 Nce7 11. Ng3 Nf4 12. Re1 Nxd3 13. Qxd3 d6 14. Re2 a5
15. Qd2 c5 16. c3 Bxf3 17. gxf3 O-O 18. Rae1 Nd5 19. c4 Ne7 20. Re4 d5 21. cxd5
Qxd5 22. Qe3 Nf5 23. Nxf5 exf5 24. Rf4 Qe6 25. dxc5 bxc5 26. Qxc5 Rfc8 27. Qd6
Rc2 28. Rb1 Re2 29. Qxe6 fxe6 30. Rd4 Rxe5 31. Rbd1 Re8 32. f4 Re2 33. R1d2 Rxd2
34. Rxd2 Rb8 35. Kf1 Rb3 36. h4 Kf7 37. Ke1 Kf6 38. Kd1 Rh3 39. Rd8 Rxh4 40. b4
axb4 41. axb4 Rxf4 42. b5 Rxf2 43. b6 Rb2 44. Rd6 Ke7 45. Rc6 g5 46. Kc1 Rb5 47.
Kc2 Kd7 48. Rc7+ Kd6 49. Rb7 Kc6 50. Rc7+ Kxb6 51. Rh7 Kc6 52. Rxh6 Kd5 53. Rg6
g4 54. Kd2 Rb3 55. Ke2 e5 56. Rg8 Ke4 57. Kf2 Kf4 58. Ra8 Rb2+ 59. Kg1 e4 60.
Ra4 g3 61. Rc4 Kf3 62. Rc3+ e3 63. Kf1 Rb1+ {White resigns} 0-1  aics%

[Event "Team 45 45 League T30"]
[Site "Internet Chess Club"]
[Date "2006.04.20"]
[Round "5"]
[White "PaleMorningDun"]
[Black "Havoc"]
[Result "0-1"]
[WhiteElo "1316"]
[BlackElo "1340"]
[TimeControl "2700+45"]

1. e4 c5 2. d4 cxd4 3. c3 dxc3 4. Nxc3 Nc6 5. Nf3 d6 6. Bc4 e6 7. O-O Be7 8. Qe2
Nf6 9. Rd1 e5 10. Nd5 O-O 11. Nxe7+ Qxe7 12. Bg5 Bg4 13. Qd3 Nd4 14. Rd2 Bxf3
15. gxf3 a6 16. Be3 Nxf3+ 17. Kf1 Nxd2+ 18. Bxd2 Ng4 19. Qg3 b5 20. Bd5 Nf6 21.
Bxa8 Rxa8 22. Bh6 g6 23. Bg5 Qe6 24. f3 Rc8 25. b3 Rc3 26. Qf2 Qh3+ 27. Ke1 Rxf3
28. Rc1 Rxf2 {White resigns} 0-1  aics%

[Event "Team 45 45 League T30"]
[Site "Internet Chess Club"]
[Date "2006.04.22"]
[Round "5"]
[White "Rlopez"]
[Black "DarrkKnight"]
[Result "0-1"]
[WhiteElo "1730"]
[BlackElo "1854"]
[TimeControl "2700+45"]

1. d4 d5 2. c4 e6 3. Nc3 c5 4. cxd5 exd5 5. Nf3 Nc6 6. g3 Nf6 7. Bg2 Be7 8. O-O
O-O 9. Bg5 c4 10. a3 Re8 11. Re1 h6 12. Bxf6 Bxf6 13. e3 Bg4 14. Qa4 a6 15. h3
Bf5 16. Qd1 Qd7 17. Kh2 Rad8 18. b3 Na5 19. bxc4 Nxc4 20. Qb3 Be6 21. Reb1 Rb8
22. Rd1 Bd8 23. Nd2 b5 24. Nxc4 dxc4 25. Qc2 Ba5 26. d5 Bf5 27. e4 Bxc3 28. Qxc3
Bxe4 29. Bxe4 Rxe4 30. Qf3 Rbe8 31. Rd2 Qd6 32. Rad1 a5 33. Qc3 b4 34. axb4 axb4
35. Qc2 h5 36. f3 b3 37. Qc3 Re2+ 38. Rxe2 Rxe2+ 39. Kh1 Qxg3 {White resigns}
0-1  aics%

[Event "Team 45 45 League T30"]
[Site "Internet Chess Club"]
[Date "2006.04.23"]
[Round "5"]
[White "Qualm"]
[Black "herbertfaria"]
[Result "1-0"]
[WhiteElo "1831"]
[BlackElo "1680"]
[TimeControl "2700+45"]

1. e4 e5 2. Nf3 Nc6 3. Bc4 Bc5 4. b4 Bxb4 5. c3 Be7 6. d4 exd4 7. cxd4 Bb4+ 8.
Bd2 Bxd2+ 9. Nbxd2 d6 10. O-O Bg4 11. h3 Bh5 12. Bd3 Nf6 13. Qb3 Na5 14. Qb2 c6
15. Rfe1 Qb6 16. Qc3 O-O 17. Re3 Rfe8 18. Rb1 Qc7 19. d5 c5 20. Nh4 Nd7 21. f4
f6 22. Nf5 Bg6 23. Nd4 Nf8 24. N4f3 b6 25. g4 Rab8 26. Kf2 Ra8 27. Rg1 Qd7 28.
Rb1 Qc7 29. Rg1 Qd7 30. Rb1 Qc7 31. h4 Rab8 32. h5 Bf7 33. h6 Ng6 34. Kg3 Qd8
35. hxg7 Bxd5 36. Bb5 Bc6 37. g5 Kxg7 38. Bxc6 Nxc6 39. Rh1 d5 40. gxf6+ Qxf6
41. Rxh7+ Kxh7 42. Qxf6 Rg8 43. Ng5+ Kh6 44. Re1 {Black resigns} 1-0  aics% 
Kyon(101): 70s, that is. aics%

[Event "Team 45 45 League T30"]
[Site "Internet Chess Club"]
[Date "2006.04.22"]
[Round "5"]
[White "Migs-19"]
[Black "David-Carioca"]
[Result "0-1"]
[WhiteElo "1584"]
[BlackElo "1665"]
[TimeControl "2700+45"]

1. e4 e6 2. Nf3 d5 3. Bb5+ Bd7 4. Qe2 dxe4 5. Bxd7+ Qxd7 6. Qxe4 Nc6 7. Nc3 Nf6
8. Qa4 Bc5 9. d3 e5 10. Bg5 Ng4 11. O-O f6 12. Bd2 O-O-O 13. Ne4 Bb6 14. b4 Nd4
15. Qxd7+ Rxd7 16. Nxd4 Bxd4 17. Rad1 f5 18. Ng3 g6 19. h3 Nf6 20. Rfe1 Nd5 21.
c3 Nxc3 22. Bxc3 Bxc3 23. Re2 Bxb4 24. Rxe5 Rhd8 25. Re3 f4 26. Re4 fxg3 27.
Rxb4 gxf2+ 28. Kxf2 Rxd3 29. Rdb1 b6 30. a4 a5 31. Rh4 R8d7 32. Re1 R3d4 33.
Ree4 Rxe4 34. Rxe4 c6 35. Kf3 Kb7 36. Kg4 b5 37. axb5 cxb5 38. Re5 Kc6 39. Re6+
Rd6 40. Re7 h5+ 41. Kg5 b4 42. g4 hxg4 43. hxg4 b3 44. Re3 a4 45. Re2 a3 46. Kf4
b2 {White resigns} 0-1  aics%

[Event "Team 45 45 League T30"]
[Site "Internet Chess Club"]
[Date "2006.04.22"]
[Round "5"]
[White "Amauta"]
[Black "Sergio56"]
[Result "1/2-1/2"]
[WhiteElo "1943"]
[BlackElo "1915"]
[TimeControl "2700+45"]

1. e4 d5 2. exd5 Qxd5 3. Nc3 Qa5 4. Bb5+ c6 5. Bc4 Nf6 6. Nf3 Bg4 7. O-O e6 8.
h3 Bh5 9. Qe2 Bxf3 10. Qxf3 Bd6 11. Re1 O-O 12. d3 Nbd7 13. Bd2 Qc7 14. Ne4 Nxe4
15. Qxe4 b5 16. Bb3 Rfe8 17. Re3 Bf4 18. Ba5 Qe5 19. Bc3 Qxe4 20. Rxe4 Bh6 21.
Rd4 Nb6 22. a4 c5 23. Rg4 b4 24. Be5 a5 25. Bc7 Nd5 26. Bd6 Nf6 27. Rc4 Nd7 28.
Bxc5 Nxc5 29. Rxc5 g6 30. c3 Reb8 31. Rb1 Bg7 32. Kf1 Ra7 33. Bc2 bxc3 34. bxc3
Rxb1+ 35. Bxb1 Rb7 36. Ba2 Rb2 37. Rc8+ Bf8 38. Bc4 Kg7 39. g4 Rc2 40. Bb3 Rb2
41. Bd1 Bd6 42. d4 Bf4 43. Rc5 Bd2 44. h4 h6 45. Rc7 Kf6 46. h5 gxh5 47. gxh5
Kg5 48. Rc6 f5 49. Rxe6 Bxc3 50. d5 Rd2 51. Rg6+ Kf4 52. Be2 Ke5 53. d6 Rxd6 54.
f4+ Kd5 55. Bc4+ Kc5 {Game drawn by mutual agreement} 1/2-1/2  aics%

[Event "Team 45 45 League T30"]
[Site "Internet Chess Club"]
[Date "2006.04.20"]
[Round "5"]
[White "alastorx"]
[Black "room-matt"]
[Result "1/2-1/2"]
[WhiteElo "1785"]
[BlackElo "1835"]
[TimeControl "2700+45"]

1. d4 d5 2. Nf3 Nf6 3. e3 e6 4. Bd3 c5 5. c3 Bd6 6. Nbd2 O-O 7. O-O Nc6 8. dxc5
Bxc5 9. Qe2 Qc7 10. e4 Rd8 11. Nb3 dxe4 12. Bxe4 Nxe4 13. Qxe4 Bd6 14. Ng5 f5
15. Qh4 h6 16. Nf3 b5 17. Nbd4 Nxd4 18. Nxd4 Bd7 19. Re1 e5 20. Nf3 Rac8 21. Qh5
a5 22. Nh4 Rf8 23. Bxh6 gxh6 24. Qg6+ Kh8 25. Qxh6+ Kg8 26. Ng6 Rfe8 27. Qh8+
Kf7 28. Qh7+ Kf6 29. Qh6 Kf7 30. Qh5 Kf6 31. Nh4 Rg8 32. Qh6+ Kf7 33. Qh5+ Kf6
34. Qh6+ {Game drawn by mutual agreement} 1/2-1/2  aics%

[Event "Team 45 45 League T30"]
[Site "Internet Chess Club"]
[Date "2006.04.22"]
[Round "5"]
[White "Simonside"]
[Black "Egmont"]
[Result "1-0"]
[WhiteElo "1889"]
[BlackElo "1717"]
[TimeControl "2700+45"]

1. c4 f5 2. Nc3 Nf6 3. d3 e6 4. g3 Be7 5. Bg2 O-O 6. Nf3 d5 7. cxd5 exd5 8. O-O
c6 9. Bg5 h6 10. Bxf6 Bxf6 11. d4 Nd7 12. a4 Be7 13. a5 Bd6 14. Qd3 a6 15. Nh4
Nf6 16. Nxf5 Bxf5 17. Qxf5 Ne4 18. Qe6+ Kh8 19. Nxe4 dxe4 20. Bxe4 Rf6 21. Qc4
Qe7 22. Bg2 Raf8 23. e4 Bb8 24. e5 Rf5 25. Be4 R5f7 26. f4 Ba7 27. Bg6 {Black
resigns} 1-0  aics%

[Event "Team 45 45 League T30"]
[Site "Internet Chess Club"]
[Date "2006.04.24"]
[Round "5"]
[White "NFK"]
[Black "clarinetref"]
[Result "1-0"]
[WhiteElo "1636"]
[BlackElo "1598"]
[TimeControl "2700+45"]

1. e4 c5 2. Nf3 Nc6 3. Bb5 Nd4 4. Nxd4 cxd4 5. O-O Qb6 6. a4 a6 7. Bc4 e5 8. d3
Nf6 9. f4 exf4 10. Rxf4 Bd6 11. Rf5 Qc7 12. h3 Bh2+ 13. Kh1 d5 14. Rxf6 gxf6 15.
exd5 Qe5 16. Nd2 Bf4 17. Nf3 Qd6 18. Qe1+ Be5 19. Qh4 Bd7 20. Nxd4 O-O-O 21. Nf3
Bg3 22. Qd4 Kb8 23. Be3 Kc8 24. Qc5+ Qxc5 25. Bxc5 Rhe8 26. Bb6 Bc7 27. Bxc7
Kxc7 28. b4 Ra8 29. Bb3 b5 30. axb5 Bxb5 31. c4 Bd7 32. c5 Re3 33. d6+ Kc6 34.
Nd4+ Kb7 35. Bd5+ Ka7 36. Bxa8 Kxa8 37. c6 Bxc6 38. Rxa6+ Kb7 39. Rxc6 Rxd3 40.
Rc4 Ra3 41. d7 Ra8 42. Rc8 Rxc8 43. dxc8=Q+ Kxc8 44. Nc2 Kc7 45. Kh2 h5 46. Kg3
Kd6 47. b5 Kc5 48. Nd4 f5 49. Kf4 h4 50. Kxf5 Kxd4 51. b6 Kc5 52. b7 {Black
resigns} 1-0  aics%

[Event "Team 45 45 League T30"]
[Site "Internet Chess Club"]
[Date "2006.04.20"]
[Round "5"]
[White "Tomate"]
[Black "curtintime"]
[Result "1-0"]
[WhiteElo "1444"]
[BlackElo "1352"]
[TimeControl "2700+45"]

1. e4 e5 2. Nf3 Nc6 3. Bb5 d6 4. O-O Bd7 5. Nc3 Nf6 6. d3 h6 7. Be3 Ne7 8. Bc4
Ng6 9. d4 Qe7 10. Nd5 Nxd5 11. exd5 e4 12. Nd2 f5 13. Re1 O-O-O 14. Nb3 f4 15.
Nd2 fxe3 16. Rxe3 Bf5 17. c3 h5 18. Qa4 h4 19. Qxa7 Qg5 20. Qa8+ Kd7 21. Bb5+
Ke7 22. Qxb7 Kf6 23. Qxc7 Be7 24. Nxe4+ Bxe4 25. Rxe4 Kf7 26. Rae1 Kf8 27. R1e3
Bf6 28. Re8+ Rxe8 29. Rxe8# {Black checkmated} 1-0  aics%

[Event "Team 45 45 League T30"]
[Site "Internet Chess Club"]
[Date "2006.04.25"]
[Round "5"]
[White "pk4"]
[Black "Visin"]
[Result "1-0"]
[WhiteElo "1320"]
[BlackElo "1287"]
[TimeControl "2700+45"]

1. d4 d5 2. e3 Nc6 3. Nf3 Nf6 4. c4 e6 5. Nc3 Bb4 6. a3 Bxc3+ 7. bxc3 Ne4 8. Bb2
O-O 9. c5 b6 10. cxb6 axb6 11. c4 Ba6 12. cxd5 exd5 13. Bxa6 Rxa6 14. Qc2 Qd6
15. Rc1 b5 16. Ne5 Nxe5 17. dxe5 Qe7 18. Qxc7 Qxc7 19. Rxc7 Raa8 20. O-O Rfc8
21. Rfc1 Rxc7 22. Rxc7 Ng5 23. Rc5 Rb8 24. Rxd5 Ne6 25. g3 Kf8 26. Bc3 Ke8 27.
Bb4 Nc7 28. Rd6 Rd8 29. Kg2 Rxd6 30. exd6 Nd5 31. Bc5 Kd7 32. Kf3 f5 33. e4
fxe4+ 34. Kxe4 Nf6+ 35. Kf5 Nd5 36. h4 Nf6 37. g4 h6 38. Kg6 Nxg4 39. Kxg7 Ne5
40. Kxh6 Nd3 41. Bb4 Nxf2 42. h5 Ne4 43. Kg6 Ke6 44. h6 Nf6 45. h7 Nxh7 46. Kxh7
Kd7 47. Kg6 Ke6 48. Kg5 Kd7 49. Kf4 Ke6 50. Ke4 Kd7 51. Kd4 Kc6 52. Ke5 Kd7 53.
Kd5 {Black resigns} 1-0  aics%

[Event "Team 45 45 League T30"]
[Site "Internet Chess Club"]
[Date "2006.04.23"]
[Round "5"]
[White "smcintyr11"]
[Black "Dalcon"]
[Result "0-1"]
[WhiteElo "1108"]
[BlackElo "1307"]
[TimeControl "2700+45"]

1. e4 e5 2. Nf3 Nc6 3. Bb5 Nf6 4. Bxc6 dxc6 5. Nxe5 Qd4 6. Nf3 Qxe4+ 7. Qe2
Qxe2+ 8. Kxe2 Bd6 9. Re1 O-O 10. Kf1 Bg4 11. Ne5 Rfe8 12. d4 c5 13. c3 cxd4 14.
cxd4 c5 15. Bf4 cxd4 16. Nd2 Be6 17. a3 Nd5 18. g3 f6 19. Nef3 Bxf4 20. gxf4
Nxf4 21. Nxd4 Bh3+ 22. Kg1 Nd3 23. Rxe8+ Rxe8 24. b4 Nf4 25. N2f3 Re4 26. Re1
Rxe1+ 27. Nxe1 Kf7 28. f3 g5 29. Kf2 Kg6 30. Kg3 h5 31. Nec2 h4+ 32. Kf2 f5 33.
Ne3 Kf6 34. Ne2 Nd3+ 35. Kg1 f4 36. Nd5+ Ke5 37. Ne7 g4 38. fxg4 Bxg4 39. Ng6+
Ke4 40. Nc3+ Kd4 41. Nb5+ Ke3 42. Nxh4 a6 43. Nd6 f3 44. Nxf3 Bxf3 45. a4 Nxb4
46. h4 Bc6 47. a5 Nd5 48. h5 Nf6 49. h6 Kd3 50. Kf2 Kd4 51. Kg3 Ke5 52. Nc4+ Kf5
53. Kh4 Kg6 54. Kg3 Kxh6 55. Kf4 Kg7 56. Ke5 Nd7+ 57. Kd6 Kf6 58. Kc7 Ke7 59.
Nd6 Ke6 60. Nxb7 Bb5 61. Nd6 Bf1 62. Nb7 Ne5 63. Kb6 Kd5 64. Nc5 Nc4+ 65. Kxa6
Kxc5 66. Kb7 Nxa5+ 67. Kc7 Bc4 68. Kd7 Kd5 69. Ke7 Ke5 70. Kd7 Bb5+ 71. Kc7 Nc4
72. Kd8 Kd6 73. Kc8 Na5 74. Kd8 Bc6 75. Kc8 Bd7+ 76. Kb8 Kc6 77. Ka7 Kb5 78. Kb8
Kb6 79. Ka8 Kc7 80. Ka7 Bc8 81. Ka8 Bb7+ 82. Ka7 Nc6# {White checkmated} 0-1 
aics%

[Event "Team 45 45 League T30"]
[Site "Internet Chess Club"]
[Date "2006.04.22"]
[Round "5"]
[White "Gomer"]
[Black "sdcohle"]
[Result "1/2-1/2"]
[WhiteElo "1213"]
[BlackElo "1349"]
[TimeControl "2700+45"]

1. e4 e5 2. Bc4 Nf6 3. d3 Nc6 4. Nc3 d6 5. f4 exf4 6. Bxf4 Bg4 7. Nf3 Nd4 8. Rf1
Nxf3+ 9. gxf3 Bd7 10. Qd2 Be7 11. O-O-O O-O 12. Rg1 Nh5 13. Bh6 Bf6 14. Nd5 Be6
15. Nxf6+ Qxf6 16. Bxe6 fxe6 17. Rdf1 Kh8 18. Bg5 Qf7 19. Rg2 e5 20. Kb1 Rae8
21. Rgf2 Re6 22. f4 exf4 23. Bxf4 Nxf4 24. Rxf4 Rf6 25. Rxf6 gxf6 26. Qf2 b6 27.
d4 Qe6 28. Qf5 Qc4 29. c3 Qf7 30. Rg1 Rg8 31. Rxg8+ Kxg8 32. e5 dxe5 33. dxe5
Qg6 34. Qxg6+ hxg6 35. exf6 Kf7 36. Kc2 Kxf6 37. Kd3 Kf5 38. Ke3 g5 39. b4 c5
40. bxc5 bxc5 41. Kf3 g4+ 42. Ke3 a5 43. a4 Ke5 44. c4 Kf5 45. Kf2 Kf4 46. Ke2
Ke4 47. Kf2 Kd4 48. Kg3 Kxc4 49. Kxg4 Kb4 50. h4 c4 51. h5 c3 52. h6 c2 53. h7
c1=Q 54. h8=Q Qc4+ 55. Kf3 Qc3+ 56. Qxc3+ Kxc3 57. Ke2 Kb3 58. Kd1 Kxa4 59. Kc1
Kb3 60. Kb1 a4 61. Ka1 a3 62. Kb1 a2+ 63. Ka1 Ka3 {White stalemated} 1/2-1/2 
aics%

[Event "Team 45 45 League T30"]
[Site "Internet Chess Club"]
[Date "2006.04.22"]
[Round "5"]
[White "PLB43"]
[Black "Helsingborg"]
[Result "1-0"]
[WhiteElo "1394"]
[BlackElo "1287"]
[TimeControl "2700+45"]

1. e4 e5 2. f4 exf4 3. Nf3 d6 4. d4 Qe7 5. Bd3 Bg4 6. O-O Bxf3 7. Qxf3 c6 8.
Qxf4 g6 9. Qf2 Nd7 10. Re1 O-O-O 11. c3 Qf6 12. Qc2 Bh6 13. Bxh6 Nxh6 14. Qa4
Kb8 15. Nd2 Ng4 16. Nf3 Nb6 17. Qb3 Rhe8 18. h3 Nh6 19. Rf1 Qg7 20. a4 Rf8 21.
a5 Nd7 22. Ba6 b6 23. axb6 axb6 24. Qa4 Kc7 25. Bb7 Nb8 26. Qa7 Kd7 27. Bxc6+
Kxc6 28. d5+ Kc5 29. Qa3+ Kc4 30. Qb4+ Kd3 31. Rfe1 f5 32. Rad1+ Kc2 33. Rd2#
{Black checkmated} 1-0  aics%

[Event "Team 45 45 League T30"]
[Site "Internet Chess Club"]
[Date "2006.04.25"]
[Round "5"]
[White "grapes"]
[Black "nodakindy"]
[Result "0-1"]
[WhiteElo "1303"]
[BlackElo "1255"]
[TimeControl "2700+45"]

1. e4 d6 2. d4 Nf6 3. Nc3 Nbd7 4. Nf3 e6 5. Bc4 c6 6. Bb3 b5 7. Bg5 Be7 8. O-O
b4 9. Ne2 Nxe4 10. Bf4 Ba6 11. Re1 O-O 12. Nc1 d5 13. Ne5 Nxe5 14. Bxe5 f6 15.
Bf4 Bd6 16. Nd3 Bxd3 17. Bxd6 Qxd6 18. Qxd3 Rac8 19. c3 bxc3 20. bxc3 c5 21. Bc2
f5 22. f3 c4 23. Qe3 f4 24. Qe2 Nxc3 25. Qxe6+ Qxe6 26. Rxe6 Rce8 27. Re5 Rxe5
28. dxe5 Re8 29. Re1 d4 30. Bf5 d3 31. Rc1 Ne2+ {White forfeits on time} 0-1 
aics%

[Event "Team 45 45 League T30"]
[Site "Internet Chess Club"]
[Date "2006.04.22"]
[Round "5"]
[White "jerry813"]
[Black "BosqueVerde"]
[Result "0-1"]
[WhiteElo "1076"]
[BlackElo "1245"]
[TimeControl "2700+45"]

1. d4 d5 2. f4 Bf5 3. e3 Nf6 4. Be2 e6 5. g4 Be4 6. Bf3 c5 7. g5 Bxf3 8. Nxf3
Ne4 9. O-O Nc6 10. Nbd2 cxd4 11. Nxe4 dxe4 12. Nxd4 Qb6 13. Nxc6 Qxc6 14. Qe2
Be7 15. Bd2 O-O-O 16. Bc3 f6 17. gxf6 gxf6 18. Qh5 Rhg8+ 19. Kf2 Qa6 20. a3 e5
21. Rg1 exf4 22. Rxg8 fxe3+ 23. Kxe3 Rxg8 24. Qxh7 Bc5+ 25. Bd4 Bxd4+ 26. Kxd4
Qe6 27. Qxe4 Rd8+ 28. Ke3 Qb6+ 29. Kf3 Qxb2 30. Qf5+ Kb8 31. Re1 Qxa3+ 32. Kf4
Qb4+ 33. Re4 Qd2+ 34. Kg3 Rg8+ 35. Rg4 Qe1+ 36. Kf3 Qf1+ 37. Ke4 Re8+ {White
resigns} 0-1  aics%

[Event "Team 45 45 League T30"]
[Site "Internet Chess Club"]
[Date "2006.04.23"]
[Round "5"]
[White "BrerRabbit"]
[Black "BooRadley"]
[Result "1-0"]
[WhiteElo "1526"]
[BlackElo "1285"]
[TimeControl "2700+45"]

1. d4 Nf6 2. c4 g6 3. Nc3 d5 4. Nf3 Bg7 5. Bg5 Ne4 6. cxd5 Nxc3 7. bxc3 Qxd5 8.
e3 O-O 9. Be2 f6 10. Bf4 Qc6 11. Qd3 Rd8 12. Qc4+ Kh8 13. Qxc6 Nxc6 14. Bxc7 Rd7
15. Bf4 g5 16. Bg3 h5 17. h3 a6 18. a4 e5 19. O-O g4 20. hxg4 hxg4 21. Nh4 f5
22. Nxf5 Rf7 23. Nxg7 Kxg7 24. dxe5 Be6 25. Rab1 Rh8 26. f3 Na5 27. fxg4 Rc7 28.
Rf6 Rxc3 29. Rxe6 Rxe3 30. Bf3 Nb3 31. Re1 Rxe1+ 32. Bxe1 Nd4 33. Rd6 Nxf3+ 34.
gxf3 b5 35. axb5 axb5 36. f4 Rb8 37. Bb4 Rc8 38. Rd4 Kg6 39. Kg2 Rc4 40. Rxc4
bxc4 41. Kf3 Kf7 42. Ke4 {Black resigns} 1-0  aics%